 Dungeon Crawl Stone Soup version 0.30-a0-364-gf6b3ef1049 (webtiles) character file.

Game seed: 6215593483320024329

1109 mopl the Martial Artist (level 8, -9/52 HPs)
             Began as a Djinni Transmuter on Nov 14, 2022.
             Was an Initiate of Wu Jian.
             Mangled by an orc warrior
             ... wielding a +0 halberd
              (13 damage)
             ... on level 6 of the Dungeon.
             The game lasted 00:06:00 (4704 turns).

mopl the Martial Artist (Djinni Transmuter)         Turns: 4704, Time: 00:06:01

Health: -9/52      AC:  2    Str: 11    XL:     8   Next: 59%
Gold:   6          EV: 19    Int: 15    God:    Wu Jian [......] SH:  0 Dex: 19

rFire   . . .      SeeInvis .      - Unarmed
rCold   . . .      Faith    .    (shield currently unavailable)
rNeg    . . .      Spirit   .    (body armour currently unavailable)
rPois   ∞          Reflect  .    (helmet currently unavailable)
rElec   .          Harm     .    (cloak currently unavailable)
rCorr   .          Rampage  .    (gloves currently unavailable)
Will    .....                    (boots unavailable)
Stlth   ++........               w - amulet of regeneration
HPRegen 1.08/turn                (no ring)
MPRegen 0.00/turn                (no ring)

@: spider-form, flying, very slightly contaminated, hasted, very quick
A: venomous fangs, flying, sickness immunity, tiny, (fire resistance 2), (cold
vulnerability 1), float, innate caster, HP casting, extra vitality 1
a: End Transformation, Renounce Religion


You were on level 6 of the Dungeon.
You worshipped Wu Jian.
Wu Jian was noncommittal.
You were a venomous arachnid creature.
You visited 1 branch of the dungeon, and saw 6 of its levels.

You collected 320 gold pieces.
You spent 314 gold pieces at shops.

Inventory:

Missiles
 o - 2 throwing nets
 z - 5 javelins
Armour
 a - a +0 robe (melded)
 n - a +0 cloak
 s - a +0 pair of gloves (melded)
 t - a scarf of invisibility (melded)
Jewellery
 i - a ring of protection from fire
 w - an amulet of regeneration (around neck)
Wands
 q - a wand of paralysis (4)
 x - a wand of flame (16)
Scrolls
 d - 2 scrolls of amnesia {unknown}
 e - a scroll of fog {unknown}
 h - a scroll of enchant weapon {unknown}
 j - 2 scrolls of fear {unknown}
 l - 5 scrolls of teleportation {unknown}
 m - 2 scrolls of magic mapping {unknown}
 u - 5 scrolls of identify {unknown}
 v - 4 scrolls of noise {unknown}
 y - a scroll of blinking {unknown}
Potions
 b - a potion of lignification {!q}
 c - a potion of berserk rage {unknown}
 f - a potion of haste
 g - a potion of brilliance {unknown}
 k - 2 potions of cancellation {unknown}
 p - 3 potions of curing
 r - 3 potions of heal wounds {unknown}
 A - a potion of mutation {unknown}


   Skills:
 + Level 1.5 Fighting
 + Level 0.8 Throwing
 - Level 2.1 Dodging
 * Level 8.2 Unarmed Combat
 + Level 4.3 Spellcasting
 + Level 1.1 Evocations


You couldn't memorise any spells.
You knew the following spells:

 Your Spells              Type           Power      Damage    Failure   Level
a - Beastly Appendage     Tmut           32%        N/A       11%         1
b - Spider Form           Tmut/Pois      16%        N/A       22%         3
c - Ensorcelled Hibernat  Hex/Ice        32%        N/A       14%         2
d - Ice Form              Ice/Tmut       16%        N/A       52%         4
e - Slow                  Hex            64%        N/A       11%         1
f - Passwall              Tmut/Erth      13%        N/A       14%         2
w - Wereblood             Tmut           16%        N/A       14%         2
Your spell library was empty.

Dungeon Overview and Level Annotations

Branches:
Dungeon (6/15)
 Temple: D:4-7

Altars:
Fedhas
Nemelex Xobeh
Wu Jian
Yredelemnul
Zin
The Shining One

Shops:
D:1 (   D:4 *

Annotations:
D:5 2 transporters, Bane11's ghost, novice MiMo


Innate Abilities, Weirdness & Mutations

You are a venomous arachnid creature.
You have poisonous fangs.
You are tiny and dextrous.
You are flying.
Your spellcasting is less reliable in this form.
Your armour is entirely melded.
You are incapable of wielding weapons or throwing items.
You are immune to sickness and miasma.
You are immune to poison.
((Your flesh is very heat resistant. (rF++)))
((You are vulnerable to cold. (rC-)))
You float through the air rather than walking.
You learn spells naturally, not from books.
Your magical power is your life essence.
You have superior vitality. (+4 MHP)


Message History

The orc closely misses you.
You miscast Spider Form.
You are very lightly contaminated with residual magic.
Nothing appears to happen.
The orc hits you with a +0 short sword. The orc warrior misses you.
You turn into a venomous arachnid creature.
Your scarf of invisibility melds into your body.
Your +0 pair of gloves melds into your body.
Your +0 robe melds into your body.
The orc completely misses you. The orc warrior barely misses you.
Unknown command.
You hit the orc warrior but do no damage.
The orc warrior is poisoned.
The orc misses you.
The orc warrior hits you with a +0 halberd!
You barely miss the orc warrior.
The orc warrior is lightly wounded.
The orc hits you with a +0 short sword. The orc warrior completely misses you.
You completely miss the orc warrior.
The orc warrior is lightly wounded.
The adder misses you.
You bite the orc warrior!
The orc warrior looks as sick as possible!
The orc warrior is heavily wounded.
The adder completely misses you. The orc barely misses you.
The orc warrior hits you with a +0 halberd!!
* * * LOW HITPOINT WARNING * * *
Unknown command.
You hit the orc warrior but do no damage.
The orc warrior looks as sick as possible!
The orc warrior is heavily wounded.
The adder completely misses you. The orc hits you with a +0 short sword.
* * * LOW HITPOINT WARNING * * *
The orc warrior closely misses you.
Unknown command.
It was a potion of haste.
You feel yourself speed up. The adder bites you but does no damage.
The orc hits you with a +0 short sword.
* * * LOW HITPOINT WARNING * * *
The ice beast barely misses you.
The orc warrior hits you with a +0 halberd!
You die...

...........
...........#####
.............#...#
##.......#.......#
.................#####
........?..........#..
##..ooY.............
##...Ss..............
......................
.##[....)......[......
##.................#
#...........##...#
#............# ..
#............##
...............#
........#......#


You could see an orc warrior (extremely poisoned), an ice beast, an adder and an
orc.

Vanquished Creatures
  Prince Ribbit (D:5)
  Edmund (D:5)
  2 black bears
  An ogre (D:6)
  3 hounds
  A jelly (D:4)
  A gnoll bouda (D:5)
  6 iguanas
  Ijyb (D:3)
  8 gnolls
  8 adders
  An ufetubus (D:3)
  2 worms (D:2)
  4 dart slugs
  3 orcs
  6 ball pythons
  4 endoplasms
  3 giant cockroaches
  9 goblins
  A hobgoblin (D:4)
  3 jackals (D:5)
  4 kobolds
  2 quokkas
  A bat (D:1)
  3 frilled lizards
  7 rats
86 creatures vanquished.

Notes
Turn   | Place    | Note
-------+----------+-------------------------------------------
     0 | D:1      | mopl the Djinni Transmuter began the quest for the Orb.
     0 | D:1      | mopl set off with the following spells memorised: Beastly
                  | Appendage, Wereblood, Spider Form, Ice Form.
     0 | D:1      | Reached XP level 1. HP: 17/17 MP: 0/0
   308 | D:1      | Reached XP level 2. HP: 22/22 MP: 0/0
   507 | D:1      | Found Quydel's Weapon Emporium.
   979 | D:2      | Reached XP level 3. HP: 27/27 MP: 0/0
   979 | D:2      | Learned a level 1 spell: Slow
  1007 | D:2      | Reached skill level 2 in Spellcasting
  1214 | D:2      | Reached skill level 4 in Unarmed Combat
  1332 | D:2      | Reached XP level 4. HP: 32/32 MP: 0/0
  1777 | D:3      | Reached XP level 5. HP: 25/37 MP: 0/0
  1777 | D:3      | Learned a level 2 spell: Ensorcelled Hibernation
  2117 | D:3      | Noticed Ijyb
  2120 | D:3      | Paralysed by Ijyb for 4 turns
  2134 | D:3      | Paralysed by Ijyb for 3 turns
  2138 | D:3      | Killed Ijyb
  2139 | D:3      | Reached skill level 5 in Unarmed Combat
  2422 | D:3      | Found a sparkling altar of Nemelex Xobeh.
  2756 | D:4      | Found a basalt altar of Yredelemnul.
  2777 | D:4      | Reached XP level 6. HP: 13/42 MP: 0/0
  3035 | D:4      | Found Anaor's Assorted Antiques.
  3044 | D:4      | Bought a scroll labelled URGHUH VOCVO for 28 gold pieces
  3044 | D:4      | Bought a scroll labelled BUPYSH DYUPNE for 28 gold pieces
  3044 | D:4      | Bought a scroll labelled XILO WASMEP for 28 gold pieces
  3044 | D:4      | Bought a dented jade amulet for 140 gold pieces
  3219 | D:4      | Noticed a black bear
  3236 | D:4      | Killed a black bear
  3237 | D:4      | Reached skill level 6 in Unarmed Combat
  3237 | D:4      | Reached skill level 3 in Spellcasting
  3563 | D:5      | Entered Level 5 of the Dungeon
  3618 | D:5      | Noticed Edmund
  3631 | D:5      | Killed Edmund
  3632 | D:5      | Reached XP level 7. HP: 32/47 MP: 0/0
  3632 | D:5      | Learned a level 2 spell: Passwall
  3758 | D:5      | Found a glowing golden altar of the Shining One.
  3804 | D:5      | Reached skill level 7 in Unarmed Combat
  3895 | D:5      | Noticed Prince Ribbit
  3919 | D:5      | Killed Prince Ribbit
  3920 | D:5      | Reached skill level 4 in Spellcasting
  3920 | D:5      | Reached XP level 8. HP: 24/52 MP: 0/0
  4204 | D:5      | Found a blossoming altar of Fedhas.
  4213 | D:5      | Found an ornate altar of the Wu Jian Council.
  4289 | D:5      | Found a transporter.
  4295 | D:5      | Found a transporter.
  4295 | D:5      | Noticed Bane11's ghost (novice MiMo)
  4296 | D:5      | Identified the +8 great mace "Spiderslayer" {vorpal,
                  | *Corrode rF+++ Str+6}
  4431 | D:5      | Became a worshipper of the Wu Jian Council
  4529 | D:6      | Reached skill level 8 in Unarmed Combat
  4568 | D:6      | Reached skill level 1 in Evocations
  4592 | D:6      | Found Zin's Purification Station.
  4597 | D:6      | Found a glowing silver altar of Zin.
  4609 | D:6      | Bought a potion of curing for 90 gold pieces
  4704 | D:6      | Mangled by an orc warrior

Illustrated notes

Levels and vault maps discovered:
D:1:      psy_arrival_terrarium, layout_loops_corners, serial_shops, shop
D:2:      layout_loops_ring
D:3:      layout_basic, nemelex_spade_bored_becter, uniq_ijyb
D:4:      layout_basic, mainiacjoe_overflow_concentric_impassable, serial_shops,
          nicolae_shop_crystal
D:5:      layout_basic, nicolae_overflow_hidden_temple,
          mainiacjoe_overflow_swirl, gammafunk_ghost_smash,
          chequers_serial_rivers_micro_e, uniq_edmund, uniq_prince_ribbit1
D:6:      layout_cave_pools, zin_purify, makhleb_heckhound_becter

Skill      XL: |  1  2  3  4  5  6  7  8 |
---------------+-------------------------+-----
Spellcasting   | 2 3 4 |  4.3
Unarmed Combat | 4 5 6 7 8 |  8.2
Evocations     | 1 |  1.1
Fighting       | |  1.5
Throwing       | |  0.8
Dodging        | |  2.1

Action                   |  1- 3 |  4- 6 |  7- 9 || total
-------------------------+-------+-------+-------++-------
Melee: Unarmed           |    81 |   152 |   106 ||   339
       Headbutt          |     7 |     4 |       ||    11
       Punch             |     1 |     2 |       ||     3
 Cast: Beastly Appendage |    20 |     7 |       ||    27
       Wereblood         |     1 |       |       ||     1
       Spider Form       |       |     7 |    13 ||    20
Invok: Lunge             |       |       |     3 ||     3
Evoke: Wand              |       |     1 |       ||     1
  Use: Potion            |       |       |     2 ||     2
 Stab: Sleeping          |     1 |     2 |     1 ||     4
       Paralysed         |       |     1 |       ||     1
Armor: Robe              |     8 |    17 |       ||    25
       Skin              |       |     5 |     9 ||    14
Dodge: Dodged            |    35 |   107 |    95 ||   237

Table legend: (Time is in decaauts)
 A = Elapsed time spent in this place.
 B = Non-inter-level travel time spent in this place.
 C = Inter-level travel time spent in this place.
 D = Time resting spent in this place.
 E = Time spent auto-exploring this place.
 F = Levels seen in this place.
 G = Mean time per level.
                   A        B        C        D        E       F      G
               +--------+--------+--------+--------+--------+-----+--------+
         Total |   4672 |   4463 |    209 |    411 |   3176 |   6 |  778.7 |
       Dungeon |   4672 |   4463 |    209 |    411 |   3176 |   6 |  778.7 |
               +--------+--------+--------+--------+--------+-----+--------+

Top non-repeatable levels by time:
     D:1: 1024 daAuts
     D:4: 943 daAuts
     D:5: 913 daAuts
     D:3: 854 daAuts
     D:2: 725 daAuts
     D:6: 212 daAuts
